 Dungeon Crawl Stone Soup version 0.31.0-11-ge490571c62 (webtiles) character file.

Game seed: 4538670311038317107

44 qw the Shooter (level 3, -6/18 HPs)
             Began as a Spriggan Hunter on Feb 5, 2024.
             Mangled by a gnoll
             ... wielding a +0 halberd
              (11 damage)
             ... on level 2 of the Dungeon.
             The game lasted 00:00:27 (722 turns).

qw the Shooter (Spriggan Hunter)                     Turns: 722, Time: 00:00:27

Health: -6/18      AC:  2    Str:  7    XL:     3   Next: 39%
Magic:  4/4        EV: 19    Int: 10    God:
Gold:   19         SH:  0    Dex: 20    Spells: 2/2 levels left

rFire   . . .        a - +0 shortbow
rCold   . . .        (shield currently unavailable)
rNeg    . . .        c - +0 robe
rPois   .            (helmet restricted)
rElec   .            (no cloak)
rCorr   .            (gloves unavailable)
SInv    +            (boots unavailable)
Will    .....        (no amulet)
Stlth   ++           (no ring)
HPRegen 0.23/turn    (no ring)
MPRegen 0.09/turn

%: no passive effects
@: brilliant, very quick
A: very small, no large weapons, unfitting armour, see invisible, speed 3
a: no special abilities


You were on level 2 of the Dungeon.
You visited 1 branch of the dungeon, and saw 2 of its levels.

You collected 19 gold pieces.


Innate Abilities, Weirdness & Mutations

You are very small and have problems with some larger weapons.
You are too small for most types of armour.
You have supernaturally acute eyesight. (SInv)
You cover ground extremely quickly. (Speed+++)


   Skills:
 - Level 1.5 Fighting
 + Level 4.7 Ranged Weapons
 - Level 4.0 Dodging
 - Level 1.5 Stealth


You had 2 spell levels left.
You didn't know any spells.
Your spell library was empty.

Inventory:

Hand Weapons
 a - a +0 shortbow (weapon)
Armour
 c - a +0 robe (worn)
Potions
 d - a potion of curing
 e - a potion of degeneration {unknown}

Dungeon Overview and Level Annotations

Branches:
Dungeon (2/15)

Altars:


Message History

You shoot an arrow. The rat squeaks loudly.
The arrow hits the hobgoblin.
You kill the hobgoblin!
You hear an angry hiss.
You hear a shout!
An adder comes into view.
You shoot an arrow. The arrow hits the rat.
You kill the rat!
A hobgoblin comes into view.
You shoot an arrow. The arrow hits the adder.
The adder is heavily wounded.
An endoplasm comes into view.
A giant cockroach comes into view.
You shoot an arrow. The arrow hits the adder.
The adder is heavily wounded.
You shoot an arrow. The arrow closely misses the adder.
You hear a shout!
The gnoll hits you from afar with a +0 halberd!
Ouch! That really hurt!
The adder closely misses you.
You shoot an arrow. The arrow completely misses the adder.
The arrow hits the hobgoblin but does no damage.
You hear a shout!
A gnoll comes into view. It is wielding a +0 whip.
The gnoll barely misses you. The adder barely misses you.
The gnoll moves out of view.
A gnoll comes into view. It is wielding a +0 spear.
You shoot an arrow. The arrow hits the adder!
You kill the adder!
The hobgoblin barely misses you.
720 ||| RETREEEEATING.
You shoot an arrow.
The arrow closely misses the giant cockroach.
The giant cockroach bites you but does no damage.
You shoot an arrow. The arrow closely misses the hobgoblin.
The giant cockroach misses you. The hobgoblin closely misses you.
The giant cockroach bites you but does no damage.
The hobgoblin completely misses you.
The gnoll hits you from afar with a +0 halberd!
Ouch! That really hurt!
You die...

#.#.# #. .?.# #.#.####
#.. (..# #.#..<.# #.#
...# ##.#.##### .
#..###... #........#
..##...g%g ##........#
.......g. ###.........#
.......B###...........#
......Jg@.............#
.........#............#
.........##...........#
#####################.#
#.### #.... ##### #..
###


You could see 2 gnolls, an endoplasm, a giant cockroach and a hobgoblin.

Vanquished Creatures
  An adder (D:2)
  2 dart slugs (D:1)
  2 ball pythons (D:1)
  2 endoplasms (D:1)
  4 goblins (D:1)
  6 hobgoblins
  2 quokkas (D:1)
  2 bats (D:1)
  A frilled lizard (D:1)
  3 kobolds (D:1)
  2 rats
27 creatures vanquished.

Notes
Turn   | Place    | Note
-------+----------+-------------------------------------------
     0 | D:1      | qw the Spriggan Hunter began the quest for the Orb.
     0 | D:1      | Reached XP level 1. HP: 10/10 MP: 2/2
     0 | D:1      | 0 ||| qw: Version: 0.3-a-160-g6735b56
     0 | D:1      | 0 ||| qw: Game counter: 6284
     0 | D:1      | 0 ||| qw: Melee chars always use a shield: true
     0 | D:1      | 0 ||| qw: God list: Okawaru
     0 | D:1      | 0 ||| qw: Allow faded altars: false
     0 | D:1      | 0 ||| qw: Do Orc after clearing Dungeon:15 true
     0 | D:1      | 0 ||| qw: Do second Lair branch before Depths: true
     0 | D:1      | 0 ||| qw: Lair rune preference: random
     0 | D:1      | 0 ||| qw: Goals: Normal
     0 | D:1      | 0 ||| PLANNING D:1-11
    32 | D:1      | Reached skill level 3 in Dodging
    79 | D:1      | Reached XP level 2. HP: 14/14 MP: 3/3
   145 | D:1      | Found a faded altar of an unknown god.
   560 | D:1      | Reached XP level 3. HP: 18/18 MP: 4/4
   662 | D:1      | 662 ||| READING scroll labelled ZIODU VUASIDA.
   663 | D:1      | 663 ||| READING scroll labelled CAKIVU POKOLIGEUL.
   663 | D:1      | 663 ||| IDENTIFYING smoky grey potion
   664 | D:1      | 664 ||| DRINKING 2 fizzy white potions.
   665 | D:1      | 665 ||| DROPPING scroll of butterflies.
   666 | D:1      | 666 ||| DROPPING potion of brilliance.
   717 | D:2      | HP: 4/18 [gnoll/+0 halberd (14)]
   720 | D:2      | 720 ||| RETREEEEATING.
   722 | D:2      | Mangled by a gnoll

Levels and vault maps discovered:
D:1:      minmay_arrival_shattered_statue, layout_basic,
          dilly_ecumenical_altar_fadedgnrine, minmay_cupped
D:2:      kb_forest_paths, layout_basic, minmay_randomly_rotated_circles

Skill      XL: |  1  2 |
---------------+-------+-----
Dodging        | 3 4 |  4.0
Fighting       | |  1.5
Ranged Weapons | |  4.7
Stealth        | |  1.5

Action                     || total
---------------------------++-------
   Fire: Shortbow          ||    90
    Use: Scroll            ||     2
         Potion            ||     1
 Armour: Robe              ||    11
  Dodge: Dodged            ||    26

Table legend:
 A = Non-vault XP
 B = Vault XP
 C = Vault XP percentage of total XP
 D = Non-vault monster count
 E = Vault monster count
 F = Vault count percentage of total count
                 A         B        C        D         E       F
            +---------+---------+-------+---------+---------+-------
      Total |      42 |      21 |  33.3 |      21 |       6 |  22.2
            +---------+---------+-------+---------+---------+-------
        D:1 |      42 |       4 |   8.7 |      21 |       3 |  12.5
        D:2 |       0 |      17 | 100.0 |       0 |       3 | 100.0
            +---------+---------+-------+---------+---------+-------
